 Dungeon Crawl Stone Soup version 0.31-a0-981-geadf994542 (webtiles) character file.

Game seed: 16502800114853118353

1077 Dirtsage the Insei (level 8, -2/81 HPs)
             Began as an Octopode Shapeshifter on Oct 31, 2023.
             Was an Initiate of Wu Jian.
             Killed from afar by a steam dragon (21 damage)
             ... with a ball of steam
             ... on level 4 of the Dungeon.
             The game lasted 00:07:36 (3027 turns).

Dirtsage the Insei (Octopode Shapeshifter)          Turns: 3027, Time: 00:07:37

Health: -2/81      AC:  1    Str: 13    XL:     8   Next: 29%
Magic:  8/8        EV: 13    Int: 12    God:    Wu Jian [......]
Gold:   210        SH:  0    Dex: 14    Spells: 7/7 levels left

rFire   . .          .
                       - Unarmed
rCold   . . .        (no shield)
rNeg    . . .        (helmet currently unavailable)
rPois   .            e - amulet of regeneration
rElec   .            v - ring of flight
rCorr   .            (no ring)
SInv    .            (no ring)
Will    .....        (no ring) Stlth
                     (no ring)
HPRegen 1.13/turn    (no ring)
MPRegen 0.11/turn    (no ring)
                     (no ring)

%: no passive effects
@: berserking, beast-form, flying, very quick
A: beast (slay +3), almost no armour, amphibious, 8 rings, camouflage 1,
gelatinous body 1, (nimble swimmer 1), tentacles
a: Begin Untransformation, Renounce Religion


You were on level 4 of the Dungeon.
You worshipped Wu Jian.
Wu Jian was noncommittal.
You were a hulking beast.
You visited 2 branches of the dungeon, and saw 7 of its levels.

You collected 210 gold pieces.

Inventory:

Magical Staves
 t - a staff of earth
Jewellery
 e - an amulet of regeneration (around mantle)
 v - a ring of flight (left tentacle)
Talismans
 b - a beast talisman
 c - a flux talisman
Wands
 i - a wand of polymorph (4)
 o - a wand of flame (15) (quivered)
 s - a wand of mindburst (13)
Scrolls
 f - 2 scrolls of noise {unknown}
 g - a scroll of fog {unknown}
 j - 2 scrolls of enchant armour
 k - a scroll of teleportation {unknown}
 m - 2 scrolls of amnesia {unknown}
 n - 2 scrolls of vulnerability {unknown}
 r - a scroll of enchant weapon {unknown}
Potions
 a - a potion of lignification
 d - a potion of might
 h - a potion of magic
 l - 3 potions of attraction
 q - 5 potions of curing
 u - a potion of enlightenment {unknown}


   Skills:
 + Level 4.1 Fighting
 - Level 2.0 Dodging
 * Level 6.7 Unarmed Combat
 * Level 6.2 Shapeshifting


You had 7 spell levels left.
You didn't know any spells.
Your spell library contained the following spells:

 Spells                   Type           Power      Damage    Failure   Level
 Apportation              Tloc           0%         N/A       32%         1
 Jinxbite                 Hex            0%         N/A       45%         2
 Dazzling Flash           Conj/Hex       0%         N/A       69%         3
 Volatile Blastmotes      Fire/Tloc      0%         2d10      69%         3
 Alistair's Intoxication  Tmut/Pois      0%         N/A       100%        5
 Iskenderun's Battlesphe  Conj           0%         2d6       100%        5
 Bombard                  Conj/Erth      0%         9d1       100%        6
 Starburst                Conj/Fire      0%         6d3       100%        6
 Spellforged Servitor     Conj/Summ      0%         N/A       100%        7
 Maxwell's Capacitive Co  Air            0%         ∞         100%        8


Dungeon Overview and Level Annotations

Branches:
Dungeon (6/15)             Temple (1/1) D:4

Altars:
Cheibriados
Dithmenos
Elyvilon
Fedhas
Gozag
Kikubaaqudgha
Nemelex Xobeh
Qazlal
Trog
Uskayaw
Wu Jian
Yredelemnul
Zin

Annotations:
D:2 1 runed translucent door, Crazy Yiuf
D:3 1 runed translucent door
D:4 3 runed translucent doors, Azuregosa's ghost, amateur OpDe


Innate Abilities, Weirdness & Mutations

You are a hulking beast.
Your limbs bulge with bestial killing power. (Slay +3)
You cannot wear most types of armour.
You are amphibious.
You can wear up to eight rings at the same time.
Your skin changes colour to match your surroundings (Stealth+).
Your rubbery body absorbs attacks. (AC +1, EV +1)
((You are camouflaged when in or above water. (Stealth+)))
You have tentacles for arms and can constrict up to eight enemies at once.


Message History

You kill the orc!
The Council accepts your kill.
The kobold zaps a wand.
The bolt of acid hits you!
You hear an angry hiss.
You take 13 damage, and have 41/54 hp.
MASSIVE DAMAGE!!
Things that are here:
a +0 club; an orc corpse The steam dragon breathes steam at you.
The ball of steam hits you!
You take 15 damage, and have 27/54 hp.
MASSIVE DAMAGE!!
You are too injured to fight recklessly!
You are too injured to fight recklessly!
You bludgeon the kobold!
You kill the kobold!
The Council accepts your kill.
You are engulfed in a cloud of scalding steam.
You take 8 damage, and have 19/54 hp.
The steam dragon breathes steam at you. The ball of steam hits you!
* * * LOW HITPOINT WARNING * * *
Things that are here:
a +0 club; an orc corpse You take 14 damage, and have 5/54 hp.
MASSIVE DAMAGE!!
Things that are here:
a +0 short sword; a +0 leather armour You feel better.
You regained 9 hp, and now have 16/54 hp.
A red film seems to cover your vision as you go berserk!
You feel yourself moving faster!
You feel mighty! The steam dragon closely misses you. x2
You now have 26/81 hp.
You barely miss the steam dragon. The steam dragon bites you!
* * * LOW HITPOINT WARNING * * *
The steam dragon closely misses you.
You take 8 damage, and have 18/81 hp.
You tentacle-slap the steam dragon.
The steam dragon is lightly wounded.
The steam dragon breathes steam at you. The ball of steam hits you!!
You die...

#.###.###.# ... .
#.....<...# ##.....## ##
#####.#.### ##.......##
##.#
#...D####.........####...
#.....K.'.........'......
#....####.........####...
#(#>## §......# ##.#
#.### #####.....# #.. #.#
#)hD).)..# #.. #.
#.#####..# #.. #.# #..#
##.
#.#####.#####.<####### #.
#....................# #.
#######.###....#####.# #.
#.# #.....# #.# #. #.#
#....#####.###.
#........#.........


You could see a steam dragon (catching breath).

Vanquished Creatures
  Grinder (D:5)
  Prince Ribbit (D:5)
  3 scorpions
  A howler monkey (D:6)
  A jelly (D:6)
  An orc priest (D:4)
  A gnoll bouda (D:4)
  2 iguanas (D:4)
  Natasha (thrice) (D:2)
  An orc wizard (D:4)
  9 gnolls (D:4)
  3 adders
  An ufetubus (D:5)
  A worm (D:2)
  A dart slug (D:1)
  4 orcs
  4 ball pythons
  4 endoplasms
  3 giant cockroaches
  4 goblins
  8 hobgoblins
  8 jackals
  5 quokkas
  7 bats
  9 frilled lizards
  2 jackal skeletons (D:3)
  12 kobolds
  5 rats
105 creatures vanquished.

Notes
Turn   | Place    | Note
-------+----------+-------------------------------------------
     0 | D:1      | Dirtsage the Octopode Shapeshifter began the quest for the
                  | Orb.
     0 | D:1      | Reached XP level 1. HP: 13/13 MP: 1/1
    13 | D:1      | Reached XP level 2. HP: 7/18 MP: 2/2
   234 | D:1      | Reached XP level 3. HP: 19/23 MP: 3/3
   569 | D:2      | Noticed Natasha
   646 | D:2      | Killed Natasha
   647 | D:2      | Reached XP level 4. HP: 9/29 MP: 4/4
   885 | D:2      | Noticed Natasha
   895 | D:2      | Killed Natasha
   936 | D:2      | Noticed Natasha
   942 | D:2      | Killed Natasha
   943 | D:2      | Reached XP level 5. HP: 34/34 MP: 5/5
  1044 | D:2      | Found a runed translucent door.
  1045 | D:2      | Noticed Crazy Yiuf
  1515 | D:3      | Identified the +9 quarterstaff of Eschu {flame, rF++ rC-
                  | Str+2 Dex-5}
  1625 | D:3      | Found a runed translucent door.
  1625 | D:3      | Noticed a human
  1631 | D:3      | Found a basalt altar of Yredelemnul.
  1837 | D:3      | Found a blossoming altar of Fedhas.
  2081 | D:4      | You fall into a shaft and drop 2 floors!
  2093 | D:5      | Entered Level 5 of the Dungeon
  2114 | D:5      | Reached XP level 6. HP: 41/41 MP: 6/6
  2116 | D:5      | Noticed Grinder
  2122 | D:5      | Reached skill level 5 in Unarmed Combat
  2125 | D:5      | Paralysed by Grinder for 5 turns
  2133 | D:5      | Paralysed by Grinder for 4 turns
  2196 | D:5      | Killed Grinder
  2197 | D:5      | Reached skill level 5 in Shapeshifting
  2197 | D:5      | Reached XP level 7. HP: 46/46 MP: 7/7
  2231 | D:5      | Noticed Prince Ribbit
  2244 | D:5      | Killed Prince Ribbit
  2317 | D:4      | Noticed a steam dragon
  2458 | D:4      | Found a runed translucent gate.
  2458 | D:4      | Found a runed translucent gate.
  2458 | D:4      | Found a runed translucent gate.
  2463 | D:4      | Found a staircase to the Ecumenical Temple.
  2472 | Temple   | Entered the Ecumenical Temple
  2489 | Temple   | Became a worshipper of the Wu Jian Council
  2529 | D:4      | Noticed Azuregosa's ghost (amateur OpDe)
  2640 | D:4      | HP: 1/47 [gnoll/+0 halberd[a gnoll bouda] (9)]
  2650 | D:4      | Reached XP level 8. HP: 13/54 MP: 8/8
  3027 | D:4      | Killed from afar by a steam dragon

Illustrated notes

Levels and vault maps discovered:
D:1:      lightli_arrival_boilingwater, layout_rooms
D:2:      layout_rooms, serial_glass, glass_columns_a, glass_columns_a,
          item_on_display_b, minmay_strange_pillars, uniq_crazy_yiuf_cottage,
          uniq_natasha
D:3:      layout_loops_corners, dk_yredelemnul_ordeal, fedhas_altar_3
D:4:      layout_loops_corners, minmay_temple_entry_mist, gammafunk_ghost_icy,
          minmay_joined_circles
D:5:      layout_basic, lemuel_blue_sif_altar, uniq_prince_ribbit1, uniq_grinder
D:6:      layout_cave_pools, kennysheep_mini_moat,
          nicolae_overflow_hidden_temple, lemuel_crystal_altar,
          kennysheep_minor_cross, grunt_ministairs_13
Temple:   nicolae_temple_ecumenical_triangle

Skill      XL: |  1  2  3  4  5  6  7  8 |
---------------+-------------------------+-----
Fighting       | 2 3 4 |  4.1
Unarmed Combat | 4 5 6 |  6.7
Shapeshifting  | 4 5 6 |  6.2
Dodging        | |  2.0

Action                     |  1- 3 |  4- 6 |  7- 9 || total
---------------------------+-------+-------+-------++-------
  Melee: Unarmed           |    71 |    74 |    64 ||   209
         Constrict         |    20 |    17 |    17 ||    54
         Tentacles         |    11 |    20 |    13 ||    44
         Punch             |     2 |     2 |     4 ||     8
Ability: Lunge             |       |       |     8 ||     8
  Evoke: Wand              |       |     7 |     7 ||    14
    Use: Scroll            |       |     5 |     1 ||     6
         Potion            |       |       |     2 ||     2
   Stab: Sleeping          |     1 |     8 |     1 ||    10
 Armour: Skin              |    33 |    24 |    37 ||    94
  Dodge: Dodged            |    52 |    36 |    41 ||   129

Table legend: (Time is in decaauts)
 A = Elapsed time spent in this place.
 B = Non-inter-level travel time spent in this place.
 C = Inter-level travel time spent in this place.
 D = Time resting spent in this place.
 E = Time spent auto-exploring this place.
 F = Levels seen in this place.
 G = Mean time per level.
                   A        B        C        D        E       F      G
               +--------+--------+--------+--------+--------+-----+--------+
         Total |   3015 |   2891 |    124 |    120 |   2073 |   7 |  430.7 |
       Dungeon |   2980 |   2888 |     92 |    120 |   2073 |   6 |  496.7 |
        Temple |     34 |      2 |     32 |      0 |      0 |   1 |   34.0 |
               +--------+--------+--------+--------+--------+-----+--------+

Top non-repeatable levels by time:
     D:3: 837 daAuts
     D:2: 708 daAuts
     D:4: 677 daAuts
     D:1: 551 daAuts
     D:5: 162 daAuts
     D:6: 44 daAuts
  Temple: 34 daAuts
